 Dungeon Sprint DCSS version 0.29.1-2-gbd0b4ee654 (webtiles) character file.

Game seed: 753300875340649454

11122 Groucho the Imperceptible (level 11, -6/58 HPs)
             Began as a Spriggan Enchanter on Nov 26, 2022.
             Was a Follower of Uskayaw.
             Killed from afar by an electric eel (11 damage)
             ... with a bolt of electricity
             ... in the Dungeon (Sprint II: "The Violet Keep of Menkaure").
             The game lasted 00:07:32 (854 turns).

Groucho the Imperceptible (Spriggan Enchanter)       Turns: 854, Time: 00:07:32

Health: -6/58      AC:  5    Str:  8    XL:     11   Next: 45%
Magic:  36/38      EV: 28    Int: 17    God:    Uskayaw [*.....]
Gold:   1071       SH:  0    Dex: 18    Spells: 34/36 levels left

rFire   . . .      SeeInvis +   a - +1 dagger
rCold   . . .      Faith    .   (no shield)
rNeg    . . .      Spirit   .   b - +0 robe
rPois   .          Reflect  .   (helmet restricted)
rElec   .          Harm     .   k - +2 cloak
rCorr   .          Rampage  .   (gloves unavailable)
Will    +....      NoTele   +   (boots unavailable)
Stlth   ++++++++..              (no amulet)
HPRegen 0.19/turn               f - ring of flight
MPRegen 0.26/turn               j - ring "Hastutoasch" {MP+9 Dex+2}

@: flying, very quick
A: very small, no large weapons, unfitting armour, see invisible, speed 3
a: Renounce Religion, Stomp


You were in the Dungeon.
You worshipped Uskayaw.
Uskayaw was noncommittal.
You visited 1 branch You collected 1909 gold pieces.
You spent 838 gold pieces at shops.

Inventory:

Hand Weapons
 a - a +1 dagger (weapon)
Missiles
 d - 5 boomerangs (quivered)
Armour
 b - a +0 robe (worn)
 k - a +2 cloak (worn)
Jewellery
 f - a ring of flight (left hand)
 j - the ring "Hastutoasch" (right hand) {MP+9 Dex+2}
   (You bought it in a shop in the Dungeon)

   [ring of magical power]

   Dex:       It affects your dexterity (+2).
   MP:        It affects your magic capacity (+9).
 m - a +6 ring of intelligence
Scrolls
 i - 3 scrolls of blinking
 n - 7 scrolls of identify {unknown}
 p - a scroll of immolation {unknown}
 s - a scroll of brand weapon {unknown}
 t - 2 scrolls of amnesia {unknown}
 u - 2 scrolls of enchant weapon {unknown}
Potions
 c - 6 potions of flight {unknown}
 e - a potion of might {unknown}
 g - 5 potions of magic
 h - a potion of berserk rage
 l - 3 potions of resistance {unknown}
 o - a potion of curing
 r - a potion of attraction {unknown}


   Skills:
 + Level 6.6 Fighting
 * Level 12.3 Short Blades
 * Level 14.7 Dodging
 * Level 23.0 Stealth
 + Level 13.3 Spellcasting
 + Level 14.1 Hexes
 + Level 7.1 Invocations


You had 34 spell levels left.
You knew the following spells:

 Your Spells              Type           Power      Damage    Failure   Level
a - Ensorcelled Hibernat  Hex/Ice        70%        N/A       1%          2

Your spell library contained the following spells:

 Spells                   Type           Power      Damage    Failure   Level
 Confusing Touch          Hex            56%        N/A       1%          3
 Dazzling Flash           Conj/Hex       70%        N/A       1%          3
 Tukima's Dance           Hex            56%        N/A       1%          3
 Sandblast                Erth           22%        2d7       6%          1
 Passwall                 Tmut/Erth      9%         N/A       9%          2
 Ozocubu's Armour         Ice            11%        N/A       19%         3
 Stone Arrow              Conj/Erth      22%        3d8       19%         3
 Ozocubu's Refrigeration  Ice            5%         4d8       100%        7


Dungeon Overview and Level Annotations

Branches:
Dungeon (1/1)

Altars:
Cheibriados
Dithmenos
Elyvilon
Fedhas
Gozag
Hepliaklqana
Kikubaaqudgha
Makhleb
Nemelex Xobeh
Okawaru
Qazlal
Ru
Sif Muna
Trog
Uskayaw
Vehumet
Wu Jian
Xom
Yredelemnul
Zin
The Shining One
Jiyva
Lugonu

Shops:
D !(::?[([(!=*=[[

Annotations:
D exclusion: oklob plant


Innate Abilities, Weirdness & Mutations

You are very small and have problems with some larger weapons.
You are too small for most types of armour.
You have supernaturally acute eyesight. (SInv)
You cover ground extremely quickly. (Speed+++)


Message History

The helpless electric eel fails to defend itself.
You perforate the electric eel like a sieve!!!!!
You kill the electric eel!
You hear a splash.
The electric eel shoots out a bolt of lightning at you!
The bolt of electricity hits the electric eel.
The electric eel completely resists.
The bolt of electricity hits you!
Unknown command.
The electric eel shoots out a bolt of lightning at you!
The bolt of electricity misses you.
The electric eel shoots out a bolt of lightning at you!
The bolt of electricity hits the electric eel.
The electric eel completely resists.
The bolt of electricity hits you!
There is an open door here.
The electric eel shoots out a bolt of lightning at you!
The bolt of electricity hits you!
The electric eel shoots out a bolt of lightning at you!
The bolt of electricity hits you!
* * * LOW HITPOINT WARNING * * *
The bolt of electricity hits you!
* * * LOW HITPOINT WARNING * * *
You feel much better.
Casting: Ensorcelled Hibernation (safe; 1% risk of failure)
Confirm with . or Enter, or press ? or * to list all spells.
Aiming: Ensorcelled Hibernation (safe; 1% risk of failure)
Press: ? - help, Shift-Dir - straight line, f - electric eel
Aim: an electric eel (water, chance to affect: 71%)
The electric eel looks drowsy...
The electric eel shoots out a bolt of lightning at you!
The bolt of electricity hits the electric eel.
The electric eel completely resists.
The bolt of electricity hits you. x2
* * * LOW HITPOINT WARNING * * *
The electric eel shoots out a bolt of lightning at you!
The bolt of electricity hits you!
* * * LOW HITPOINT WARNING * * *
The bolt of electricity misses you.
The electric eel shoots out a bolt of lightning at you!
The bolt of electricity misses the electric eel.
The bolt of electricity hits you!
You die...

~~~§§≈§≈§~~~#_._._._.#~§§≈≈§#§
+#~§§≈≈§§§§#._._._..#~§§~~≈'.
#§§§###≈§#_._._...#~§§~§†#.
#§§ #§§#._._....#§§≈≈≈≈▓.
+§≈#+#≈≈#_._.....#~§§≈▓▓▓▓
##≈≈≈≈≈≈≈##########~≈§≈▓zzz
##########~~~~~~~~~§≈≈§▓zzz
§§§≈≈SS###~########§▓▓▓▓▓▓▓
§§§≈§≈SS##@# #▓▓ §S§§§§SSS§~#
§§§§§§§S#### ≈§§≈§§≈## #######
+3 #


You could see 8 electric eels.

Vanquished Creatures
  A deep elf master archer (D)
  A kraken (D)
  2 sphinxes (D)
  A crystal guardian (D)
  2 deep trolls (D)
  2 death drakes (D)
  3 shining eyes (D)
  A merfolk siren (D)
  A yaktaur (D)
  2 polar bears (D)
  A hornet (D)
  3 yaks (D)
  2 wyverns (D)
  2 redbacks (D)
  5 water moccasins (D)
  2 swamp drakes (D)
  4 scorpions (D)
  An electric eel (D)
  2 worms (D)
38 creatures vanquished.

Vanquished Creatures (others)
  A polar bear (D)
  Menkaure (D)
2 creatures vanquished.

Grand Total: 40 creatures vanquished

Notes
Turn   | Place    | Note
-------+----------+-------------------------------------------
     0 | D        | Groucho the Spriggan Enchanter began the quest for the Orb.
     0 | D        | Reached XP level 1. HP: 9/9 MP: 5/5
     1 | D        | Noticed a wyvern
     1 | D        | Noticed a wyvern
     7 | D        | Noticed a merfolk siren
    10 | D        | Noticed a scorpion
    10 | D        | Noticed a scorpion
    10 | D        | Noticed a scorpion
    10 | D        | Noticed a scorpion
    17 | D        | Killed a scorpion
    18 | D        | Reached skill level 9 in Stealth
    18 | D        | Reached skill level 5 in Spellcasting
    18 | D        | Reached skill level 5 in Hexes
    18 | D        | Reached XP level 2. HP: 13/13 MP: 6/9
    18 | D        | Reached XP level 3. HP: 16/16 MP: 6/10
    20 | D        | Killed a scorpion
    21 | D        | Reached skill level 11 in Stealth
    21 | D        | Reached XP level 4. HP: 20/21 MP: 7/13
    23 | D        | Killed a scorpion
    24 | D        | Reached skill level 12 in Stealth
    24 | D        | Reached XP level 5. HP: 23/24 MP: 7/15
    25 | D        | Reached skill level 13 in Stealth
    41 | D        | Killed a merfolk siren
    42 | D        | Reached skill level 16 in Stealth
    42 | D        | Reached XP level 6. HP: 28/28 MP: 8/19
    42 | D        | Reached XP level 7. HP: 32/32 MP: 8/21
    46 | D        | Killed a wyvern
    47 | D        | Reached skill level 1 in Fighting
    47 | D        | Reached skill level 17 in Stealth
    47 | D        | Reached skill level 10 in Hexes
    47 | D        | Killed a wyvern
    48 | D        | Reached skill level 5 in Dodging
    48 | D        | Reached skill level 10 in Spellcasting
    83 | D        | Found Catohacu's Jewellery Shop.
    83 | D        | Found Poishoun's Antique Weapon Boutique.
    83 | D        | Found Morphoum's Antique Armour Shop.
    83 | D        | Found Affeesei's Distillery.
    83 | D        | Found Zatseinuom's General Store.
    83 | D        | Found Katier's Armour Boutique.
    84 | D        | Found Zevva's Jewellery Shop.
    84 | D        | Found Osoecrudd's Antique Armour Boutique.
    84 | D        | Found Laxtefog's Antique Weapon Shop.
    85 | D        | Found Eduarakh's Antique Armour Boutique.
    89 | D        | Killed Menkaure
    94 | D        | Found Juefim Kah's Magic Scroll Boutique.
    94 | D        | Found Xin Weoc's Book Shop.
    94 | D        | Noticed a fire dragon
    94 | D        | Noticed an oklob plant
    95 | D        | Found Soroty's Antique Weapon Shop.
    95 | D        | Found Urexayci's Book Shoppe.
    95 | D        | Found Ciewno's Distillery.
    96 | D        | Noticed a cane toad
   103 | D        | Bought a ring of flight for 245 gold pieces
   103 | D        | Bought the ring "Hastutoasch" {MP+9 Dex+2} for 436 gold
                  | pieces
   117 | D        | Noticed a death yak
   125 | D        | Bought a glowing cloak for 157 gold pieces
   167 | D        | Found a glowing silver altar of Zin.
   168 | D        | Found a glowing golden altar of the Shining One.
   168 | D        | Found a basalt altar of Yredelemnul.
   168 | D        | Found a hide-covered altar of Uskayaw.
   169 | D        | Found a shimmering altar of Xom.
   169 | D        | Found a bloodstained altar of Trog.
   170 | D        | Found an ornate altar of the Wu Jian Council.
   170 | D        | Found a shimmering blue altar of Sif Muna.
   170 | D        | Found a corrupted altar of Lugonu.
   170 | D        | Found a radiant altar of Vehumet.
   170 | D        | Found a burning altar of Makhleb.
   171 | D        | Found a sacrificial altar of Ru.
   171 | D        | Found an ancient bone altar of Kikubaaqudgha.
   171 | D        | Found a white marble altar of Elyvilon.
   172 | D        | Found a stormy altar of Qazlal.
   172 | D        | Found a viscous altar of Jiyva.
   172 | D        | Found a shadowy altar of Dithmenos.
   173 | D        | Found a hazy altar of Hepliaklqana.
   173 | D        | Found a snail-covered altar of Cheibriados.
   176 | D        | Found a sparkling altar of Nemelex Xobeh.
   176 | D        | Found a blossoming altar of Fedhas.
   177 | D        | Found an opulent altar of Gozag.
   177 | D        | Found an iron altar of Okawaru.
   185 | D        | Became a worshipper of Uskayaw the Reveller
   202 | D        | Learned a level 2 spell: Ensorcelled Hibernation
   205 | D        | Reached * piety under Uskayaw
   206 | D        | Reached XP level 8. HP: 25/39 MP: 23/23
   211 | D        | Reached ** piety under Uskayaw
   212 | D        | Reached skill level 18 in Stealth
   214 | D        | Reached skill level 5 in Short Blades
   215 | D        | Reached *** piety under Uskayaw
   216 | D        | Reached skill level 1 in Invocations
   224 | D        | Noticed a shining eye
   225 | D        | Noticed a shining eye
   225 | D        | Noticed a shining eye
   226 | D        | Killed a shining eye
   227 | D        | Killed a shining eye
   227 | D        | Reached **** piety under Uskayaw
   228 | D        | Reached skill level 19 in Stealth
   228 | D        | Reached XP level 9. HP: 30/44 MP: 25/25
   229 | D        | Killed a shining eye
   233 | D        | Noticed a deep elf master archer
   518 | D        | Killed a deep elf master archer
   519 | D        | Reached skill level 20 in Stealth
   519 | D        | Reached XP level 10. HP: 51/51 MP: 26/26
   528 | D        | Noticed a death drake
   529 | D        | Noticed a death drake
   529 | D        | Noticed a crystal guardian
   533 | D        | Killed a death drake
   534 | D        | Reached skill level 5 in Fighting
   534 | D        | Killed a crystal guardian
   535 | D        | Reached skill level 21 in Stealth
   535 | D        | Reached skill level 5 in Invocations
   536 | D        | Killed a death drake
   536 | D        | Reached ***** piety under Uskayaw
   537 | D        | Reached skill level 10 in Short Blades
   580 | D        | Noticed a kraken
   592 | D        | Killed a kraken
   593 | D        | Reached skill level 22 in Stealth
   718 | D        | Reached XP level 11. HP: 50/56 MP: 28/28
   726 | D        | Noticed a deep troll
   726 | D        | Noticed a deep troll
   741 | D        | Killed a deep troll
   753 | D        | Killed a deep troll
   785 | D        | Noticed a sphinx
   786 | D        | Noticed a sphinx
   788 | D        | Killed a sphinx
   791 | D        | Killed a sphinx
   792 | D        | Reached skill level 23 in Stealth
   840 | D        | Noticed a sixfirhy
   854 | D        | Killed from afar by an electric eel

Illustrated notes

Levels and vault maps discovered:
D:        the_violet_keep_of_menkaure [sprint2_stairs_cluster_1,
          sprint2_shoproom, sprint2_temple, sprint2_basic_supplies,
          sprint2_obstacle_3, sprint2_obstacle_7, sprint2_obstacle_4,
          sprint2_obstacle_5, sprint2_obstacle_6, sprint2_timed_cluster_1,
          sprint2_smallroom_cluster_1, sprint2_smallroom_final_cluster_1,
          sprint2_transparent_cluster_1, sprint2_second_timed_cluster_1,
          sprint2_sniper_area_1, sprint2_heavy_combat_area_1,
          sprint2_mutation_trap_area_1, sprint2_forest_area_1,
          sprint2_light_combat_area_1, sprint2_behind_water_1,
          sprint2_near_end_vault_1]

Skill      XL: |  1  2  3  4  5  6  7  8  9 10 11 |
---------------+----------------------------------+-----
Stealth        | 9 11 12 16 17 19 20 22 23 | 23.0
Spellcasting   | 5 6 7 9 10 11 12 13 | 13.3
Hexes          | 5 6 7 9 11 12 13 14 | 14.1
Fighting       | 2 3 4 5 6 |  6.6
Short Blades   | 4 7 9 11 12 | 12.3
Dodging        | 5 8 11 13 14 | 14.7
Invocations    | 2 4 6 7 |  7.1

Action                   |  1- 3 |  4- 6 |  7- 9 | 10-12 || total
-------------------------+-------+-------+-------+-------++-------
Melee: Dagger            |     8 |     5 |    20 |    33 ||    66
 Cast: Ensorcelled Hiber |       |       |     8 |    10 ||    18
  Use: Potion            |     2 |       |     2 |     2 ||     6
 Stab: Sleeping          |     1 |     5 |    10 |    13 ||    29
       Invisible         |     1 |       |     2 |     6 ||     9
       Paralysed         |       |       |     1 |     1 ||     2
Armor: Robe              |       |       |     2 |     2 ||     4
Dodge: Dodged            |     2 |       |    16 |    33 ||    51
